 Dungeon Crawl Stone Soup version 0.24.0-13-gcf9b319 (webtiles) character file.

Game seed: 157831216188536278, levelgen mode: deterministic

431 Ekaitz the Conjurer (level 6, 0/51 HPs)
             Began as a Draconian Conjurer on Dec 4, 2019.
             Was a Follower of Vehumet.
             Slain by an orc warrior
             ... wielding a cursed -2 halberd
              (3 damage)
             ... on level 6 of the Dungeon.
             The game lasted 00:08:34 (3029 turns).

Ekaitz the Conjurer (Draconian Conjurer)            Turns: 3029, Time: 00:08:35

Health: 0/51       AC:  6    Str: 16    XL:     6   Next: 66%
Magic:  3/10       EV: 13    Int: 15    God:    Vehumet [*.....]
Gold:   150        SH:  0    Dex: 14    Spells: 5/11 levels left

rFire    . . .     SeeInvis .   f - +0 dagger (drain)
rCold    . . .     Gourm    .   (no shield)
rNeg     . . .     Faith    .   (armour unavailable)
rPois    .         Spirit   .   (helmet restricted)
rElec    .         Reflect  .   (no cloak)
rCorr    .         Harm     +   (no gloves)
MR       .....                  (no boots)
Stlth    ++........             s - amulet of harm
HPRegen  0.17/turn              z - +6 ring of strength
MPRegen  0.12/turn              (no ring)

@: very slightly contaminated
A: unfitting armour, cold-blooded, AC +6
a: Renounce Religion


You were on level 6 of the Dungeon.
You worshipped Vehumet.
Vehumet was aware of your devotion.
You were not hungry.

You visited 1 branch of the dungeon, and saw 6 of its levels.

You collected 150 gold pieces.

Inventory:

Hand Weapons
 f - a +0 dagger of draining (weapon)
 t - a +0 falchion
Missiles
 g - 85 arrows
 i - 15 bolts
 n - 23 sling bullets
 o - 120 stones (quivered)
Jewellery
 s - an amulet of harm (around neck)
 z - a +6 ring of strength (left hand)
Wands
 y - a wand of polymorph (10)
Scrolls
 a - 2 scrolls of magic mapping {unknown}
 c - a scroll of enchant weapon {unknown}
 d - 3 scrolls of remove curse {unknown}
 h - a scroll of fog {unknown}
 j - a scroll of fear {unknown}
 k - 7 scrolls of identify {unknown}
 m - a scroll of blinking {unknown}
 p - a scroll of noise {unknown}
 q - 3 scrolls of teleportation {unknown}
 v - 2 scrolls of random uselessness {unknown}
Potions
 e - a potion of heal wounds {unknown}
 l - a potion of degeneration {unknown}
 r - 4 potions of haste {unknown}
 u - a potion of flight {unknown}
 w - 2 potions of might {unknown}
 x - a potion of resistance {unknown}
 A - a potion of ambrosia {unknown}
 B - a potion of curing {unknown}
Comestibles
 b - 6 rations
 C - a chunk of flesh


   Skills:
 * Level 3.3 Fighting
 + Level 2.1 Short Blades
 + Level 2.5 Dodging
 + Level 3.2 Stealth
 + Level 3.2 Spellcasting
 + Level 5.0 Conjurations
 + Level 0.3 Hexes


You had 5 spell levels left.
You knew the following spells:

 Your Spells              Type           Power        Failure   Level  Hunger
a - Magic Dart            Conj           ###.         2%          1    #......
b - Searing Ray           Conj           ###...       3%          2    ##.....
c - Dazzling Spray        Conj/Hex       ##....       19%         3    ###....

Your spell library contained the following spells:

 Spells                   Type           Power        Failure   Level  Hunger
 Sandblast                Erth           #.....       21%         1    #......
 Iskenderun's Mystic Bla  Conj           ###.....     24%         4    #####..
 Fulminant Prism          Conj/Hex       ##........   54%         4    #####..
 Force Lance              Conj/Tloc      ##......     56%         4    #####..


Dungeon Overview and Level Annotations

Branches:
Dungeon (5/15)
 Temple: D:4-7

Altars:
Nemelex Xobeh
Vehumet
Wu Jian

Annotations:
D:4 2 runed translucent doors, quinnr's ghost, amateur OpFE


Innate Abilities, Weirdness & Mutations

Your plain brown scales are hard. (AC +6)
You cannot fit into any form of body armour.
You are cold-blooded and may be slowed by cold attacks.


Message History

The ball python barely misses you. The ball python grabs you.
* * * LOW HITPOINT WARNING * * *
The ball python constricts you.
Unknown command.
You escape the ball python's grasp.
A crimson imp comes into view.
A worker ant comes into view.
The bullfrog closely misses you.
The crimson imp shouts!
The worker ant twitches its antennae in your direction.
An iguana comes into view.
The bullfrog hits you.
* * * LOW HITPOINT WARNING * * *
Unknown command.
The bullfrog barely misses you. The ball python barely misses you.
The ball python grabs you. The ball python constricts you.
Unknown command.
You escape the ball python's grasp.
The orc warrior hits you from afar with a cursed -2 halberd.
You die...

....###.....#
............+
#...........#
#.........# ..
#.......########.l.
#......o...........
#........oo.h..a...#
..............SF#.....#
.............oh@# ..a..
.......#........# ....
.......#.....#.## ..#
.......|....#### ..
...........## . ##. #


You could see an orc warrior, a bullfrog, an orc priest, 2 orcs, 2 jackals and a
ball python.

Vanquished Creatures
  A centaur (D:4)
  A crimson imp (D:5)
  2 hounds (D:4)
  An orc wizard (D:4)
  A bullfrog skeleton (D:4)
  An iguana (D:4)
  3 worker ants
  4 adders
  An ooze (D:2)
  2 worms
  A leopard gecko (D:2)
  8 orcs
  4 bats
  3 giant cockroaches
  7 goblins
  7 hobgoblins
  6 kobolds
  A ball python (D:3)
  5 frilled lizards
  A leopard gecko skeleton (D:4)
  5 rats
65 creatures vanquished.

Notes
Turn   | Place    | Note
-------+----------+-------------------------------------------
     0 | D:1      | Ekaitz the Draconian Conjurer began the quest for the Orb.
     0 | D:1      | Reached XP level 1. HP: 14/14 MP: 3/3
   233 | D:1      | Reached XP level 2. HP: 22/22 MP: 1/5
   237 | D:1      | Learned a level 2 spell: Searing Ray
   506 | D:1      | Reached skill level 1 in Fighting
   928 | D:2      | Found a sparkling altar of Nemelex Xobeh.
   988 | D:2      | Reached XP level 3. HP: 28/28 MP: 1/6
   993 | D:2      | Learned a level 3 spell: Dazzling Spray
  1048 | D:2      | Found a radiant altar of Vehumet.
  1052 | D:2      | Became a worshipper of Vehumet
  1777 | D:3      | Reached XP level 4. HP: 36/36 MP: 4/7
  2156 | D:4      | Found an ornate altar of the Wu Jian Council.
  2170 | D:4      | Reached * piety under Vehumet
  2170 | D:4      | Offered knowledge of Sandblast by Vehumet.
  2235 | D:4      | Found a runed translucent door.
  2240 | D:4      | Noticed quinnr's ghost (amateur OpFE)
  2241 | D:4      | Noticed a bullfrog
  2254 | D:4      | Reached XP level 5. HP: 32/41 MP: 1/9
  2272 | D:4      | Reached skill level 1 in Short Blades
  2777 | D:4      | Noticed a centaur
  2781 | D:4      | Killed a centaur
  2781 | D:4      | Reached skill level 5 in Conjurations
  2781 | D:4      | Reached XP level 6. HP: 37/51 MP: 6/10
  2869 | D:4      | Found a runed translucent door.
  2985 | D:4      | You fall into a shaft and drop 1 floor!
  2985 | D:5      | Entered Level 5 of the Dungeon
  3018 | D:5      | You fall into a shaft and drop 1 floor!
  3019 | D:6      | Noticed an orc warrior
  3029 | D:6      | Slain by an orc warrior

Levels and vault maps discovered:
D:1:      scummos_arrival_checkerplants, layout_rooms
D:2:      layout_basic, vehumet_crystals, nemelex_altar_shiori
D:3:      layout_basic, first_ration
D:4:      layout_basic, grunt_qazlal_sundering, nicolae_overflow_crystal_walls,
          ebering_ghost_sewer_f
D:5:      lemuel_ice_spiral_2, layout_rooms, grunt_temple_overflow_diamond,
          basic_altar, gup_sewer_entry_glass
D:6:      layout_cave_pools, led_sif_pool, grunt_dithmenos_shadows,
          gammafunk_ghost_split, okawaru_altar_gauntlet_db

Skill      XL: |  1  2  3  4  5  6 |
---------------+-------------------+-----
Stealth        | 2 3 |  3.2
Fighting       | 1 2 3 |  3.3
Dodging        | 2 |  2.5
Short Blades   | 1 2 |  2.1
Spellcasting   | 3 |  3.2
Conjurations   | 5 |  5.0
Hexes          | |  0.3

Action                   |  1- 3 |  4- 6 || total
-------------------------+-------+-------++-------
Melee: Unarmed           |    13 |       ||    13
       Tailslap          |     3 |     5 ||     8
       Dagger            |    24 |    34 ||    58
 Cast: Magic Dart        |    46 |     7 ||    53
       Searing Ray       |     2 |    13 ||    15
       Dazzling Spray    |     4 |     1 ||     5
 Stab: Sleeping          |     1 |     2 ||     3
       Invisible         |       |     1 ||     1
  Eat: Chunk             |     4 |     5 ||     9
Armor: Skin              |    12 |     6 ||    18
Dodge: Dodged            |    29 |    44 ||    73
